[Event "Vojvodina Open 2024-A 2024"]
[Site "Novi Sad"]
[Date "2024.06.25"]
[Round "2.1"]
[White "Safarli, Eltaj"]
[Black "Antic, Dejan"]
[Result "1-0"]
[ECO "C08"]
[WhiteElo "2595"]
[BlackElo "2353"]
[Annotator "TA"]
[PlyCount "101"]
[EventDate "2024.06.03"]
[EventType "swiss"]
[EventCountry "SRB"]
[SourceTitle "playchess.com"]
[Source "ChessBase"]
[SourceQuality "1"]
[TimeControl "40/5400+30:900+30"]

1. e4 e6 2. d4 d5 3. Nd2 c5 4. Ngf3 Nf6 5. exd5 exd5 6. Bb5+ Bd7 7. Bxd7+ Nbxd7 8. O-O Be7 9. dxc5 Nxc5 10. Nb3 Nce4 11. Nfd4 Nd6 12. Re1 O-O 13. Nc5 Rc8 {[%emt 0:06:37] The position is equal.} 14. Nd3 Re8 15. c3 Bf8 16. Bg5 Rxe1+ 17. Qxe1 Nde4 18. Be3 Qd7 19. f3 Nc5 20. Qd2 h6 21. Bf2 a6 22. Rd1 Nxd3 23. Qxd3 Qa4 24. a3 Bc5 25. Qc2 Qd7 26. h3 Re8 27. g4 Re5 28. Kg2 Qe8 29. Rd2 Qd7 30. Qd3 Qe8 31. Qc2 Qd7 32. Bg3 Re8 33. Qd3 Bd6 34. Nf5 Bxg3 35. Nxg3 Qc7 36. Qd4 Qe7 37. h4 Qe5 38. Qxe5 Rxe5 $16 {[%emt 0:00:05][%mdl 4096] Endgame. KRN-KRN} 39. Rd4 g6 40. Kf2 {[%emt 0:00:00] Inhibits Re1.} Kf8 41. Nf1 g5 (41... Ne8 $142) 42. hxg5 hxg5 43. Ne3 Ke8 44. Rb4 b5 45. a4 bxa4 46. Rxa4 Re6 47. Rb4 Kd8 ({Black should try} 47... Kf8 48. Rb8+ Re8) 48. Rb8+ {[%emt 0:01:36] White is clearly better.} Kc7 49. Rf8 Re7 50. Nf5 Rd7 51. Ke3 {[%emt 0:01:20] Weighted Error Value: White=0.05 (flawless) /Black=0.10 (very precise) .  Mistake:       	---       	Black=2      Inaccurate:     	---       	Black=3      OK:         	White=13    	Black=16     Best:        	White=2     	Black=3} 1-0

[Event "Vojvodina Open 2024-A 2024"]
[Site "Novi Sad"]
[Date "2024.06.25"]
[Round "2.2"]
[White "Popovic, Milan S"]
[Black "Narayanan, Srinath"]
[Result "0-1"]
[ECO "B27"]
[WhiteElo "2374"]
[BlackElo "2533"]
[Annotator "TA"]
[PlyCount "74"]
[EventDate "2024.06.03"]
[EventType "swiss"]
[EventCountry "SRB"]
[SourceTitle "playchess.com"]
[Source "ChessBase"]
[SourceQuality "1"]
[TimeControl "40/5400+30:900+30"]

1. e4 c6 2. Nf3 d5 3. d3 g6 4. Nbd2 Bg7 5. d4 Bg4 6. e5 c5 7. c3 cxd4 8. cxd4 Nc6 9. Qb3 Bc8 10. Bb5 Nh6 {[%emt 0:00:31] White has an edge.} 11. O-O O-O (11... Bd7 $11) 12. Bxc6 $16 bxc6 13. Re1 f6 14. Qc3 fxe5 15. dxe5 Qb6 16. Nb3 Ng4 17. Nc5 Rxf3 18. gxf3 Nh6 19. Bxh6 Bxh6 20. e6 Bg7 {[%emt 0:13:14] Prevents Nd7} 21. Qc2 Qxb2 22. Qxb2 (22. Rac1 $1 $16) 22... Bxb2 $11 23. Rab1 Ba3 $36 {[%emt 0:00:12][%mdl 2048] Black has some pressure.} 24. Nb7 (24. Nd3 $5) 24... a5 {[%emt 0:02:54] And now ...Bb4 would win.} 25. Nxa5 Rxa5 26. Rb8 Kg7 27. Rxc8 {[%emt 0:00:02][%mdl 4096] Endgame. KRR-KRB} c5 28. Re5 c4 29. Kf1 (29. Re2 $11) 29... Bd6 $17 30. Re2 ({White should play} 30. Re1) 30... Bxh2 31. Rd8 Bf4 {[%emt 0:01:09][%mdl 1024] Black has strong compensation.} 32. Rd7 Kf6 33. Rd8 Rc5 ({Better is} 33... Bh6 $15 34. Rh8 g5) 34. Rf8+ $11 Kg5 {[%emt 0:00:02] Strongly threatening ...h5.} 35. Ke1 $2 {[%emt 0:00:41][%mdl 8192] [#]} (35. Re1 $1 $11 {and White stays safe.} d4 36. Ke2 (36. Re4 c3 $19) 36... d3+ 37. Kd1) 35... d4 $1 $19 36. Re4 $2 {[%emt 0:00:05] [#]} (36. Kd1 Rb5 37. Rxf4 Kxf4 38. Re4+ Kf5 (38... Kxf3 $2 39. Rxd4 Re5 40. Kd2 $19) 39. Rxd4) 36... c3 $1 {[%emt 0:00:38] ( -> ...c2)} 37. Rexf4 (37. Rfxf4 c2) 37... c2 {[%emt 0:00:09] Weighted Error Value: White=0.67/Black=0.12 (very precise) .  Loses game:     	White=1     	---        Mistake:       	White=4     	Black=2      Inaccurate:     	White=4     	Black=5      OK:         	White=8     	Black=6      Best:        	White=4     	Black=4      Strong:       	---       	Black=2} 0-1

[Event "Vojvodina Open 2024-A 2024"]
[Site "Novi Sad"]
[Date "2024.06.25"]
[Round "2.3"]
[White "Bryakin, Mikhail"]
[Black "Manish Anto Cristiano F"]
[Result "1/2-1/2"]
[ECO "D43"]
[WhiteElo "2469"]
[BlackElo "2307"]
[Annotator "ChessBase"]
[PlyCount "109"]
[EventDate "2024.06.03"]
[EventType "swiss"]
[EventCountry "SRB"]
[SourceTitle "playchess.com"]
[Source "ChessBase"]
[SourceQuality "1"]
[TimeControl "40/5400+30:900+30"]

1. d4 Nf6 2. c4 e6 3. Nf3 d5 4. Bg5 h6 5. Bxf6 Qxf6 6. Nc3 Bb4 7. e3 O-O 8. Qb3 Bxc3+ 9. Qxc3 dxc4 10. Bxc4 c5 11. O-O Bd7 12. Ne5 cxd4 13. Qxd4 Be8 14. Bd3 Nc6 15. Qe4 g6 16. f4 Rd8 17. Rad1 Nxe5 18. fxe5 Qg5 19. h4 Qh5 20. Be2 Bc6 21. Bxh5 Bxe4 22. Bf3 Bd5 23. b3 Rd7 24. Rf2 Rfd8 25. Rfd2 Kf8 26. Kf2 Ke7 27. Rd4 Bxf3 28. Kxf3 Rxd4 29. Rxd4 Rd5 30. Rc4 Kd7 31. Ke4 Rd2 32. Rd4+ Rxd4+ 33. exd4 Kc6 34. b4 Kc7 35. d5 exd5+ 36. Kxd5 Kd7 37. g4 g5 38. hxg5 hxg5 39. b5 Ke7 40. Ke4 Ke6 41. Kd4 Ke7 42. Kd5 Kd7 43. Ke4 Ke6 44. b6 axb6 45. a4 b5 46. axb5 b6 47. Kd4 Ke7 48. Ke3 Kd7 49. Kd3 Ke7 50. Kc3 Kd7 51. Kc4 Ke6 52. Kd4 Ke7 53. Kd3 Kd7 54. Kc4 Ke6 55. Kd4 1/2-1/2

[Event "Vojvodina Open 2024-A 2024"]
[Site "Novi Sad"]
[Date "2024.06.25"]
[Round "2.4"]
[White "Rohit S"]
[Black "Kalinin, Alexander"]
[Result "0-1"]
[ECO "B11"]
[WhiteElo "2359"]
[BlackElo "2459"]
[Annotator "TA"]
[PlyCount "62"]
[EventDate "2024.06.03"]
[EventType "swiss"]
[EventCountry "SRB"]
[SourceTitle "playchess.com"]
[Source "ChessBase"]
[SourceQuality "1"]
[TimeControl "40/5400+30:900+30"]

1. e4 c6 2. Nc3 d5 3. Nf3 dxe4 4. Nxe4 Nf6 5. Qe2 Nxe4 6. Qxe4 Nd7 7. d4 Nf6 8. Qd3 g6 {[%emt 0:02:37] White has an edge.} 9. Qb3 Bg7 10. Bc4 O-O 11. a4 Bg4 12. Be2 (12. Ng5 $1 $11 e6 13. h3) 12... Bxf3 $15 13. Bxf3 Qxd4 14. Qxb7 Qe5+ $1 15. Kf1 Qf5 $1 16. Qxc6 Rac8 17. Qb5 e5 (17... Rxc2 18. Qxf5 gxf5 19. Be3 $15) (17... Qxb5+ $6 18. axb5 Rxc2 19. g3 $11) 18. Be2 (18. c3 $17) 18... Rxc2 (18... Qxc2 19. g3 $17) (18... Rfd8 $19 19. c3 Ne4) 19. Be3 $17 Ng4 {[%emt 0:05:05] Black is more active.} (19... Rd8 $1 $17 {[%cal Og7h6] ...Bh6! would now be deadly.} 20. Kg1 e4 21. Qxf5 gxf5) 20. Bxa7 $15 Rfc8 $36 {[%emt 0:08:40][%mdl 2048] Black fights for an advantage.} 21. g3 $2 (21. Kg1 $11 {and White has nothing to worry.}) 21... Qe4 $19 22. f3 Qa8 {[%emt 0:00:22][%cal Oe5e4] Strongly threatening ...e4!} 23. Bb6 {[%emt 0:00:08] [#]} (23. Rd1 $142 Qxa7 (23... e4 $2 24. fxg4 Qxa7 25. Qg5 $19) 24. fxg4) 23... e4 $1 24. fxg4 (24. Qa6 exf3) 24... e3 $1 (24... Bxb2 $2 25. Rd1 $18 (25. Kg2 Bxa1 26. Rxa1 Qc6 $11)) 25. Kg1 Rc1+ (25... Bxb2 $2 26. Rf1 $18) 26. Rxc1 {[%emt 0:00:39] [#]} Rc4 $4 {[%emt 0:13:01][%mdl 8192] [#]} 27. Rc2 Rxc2 $18 28. Bf1 $4 (28. Bxe3 $18 {was the only winning move.} Rxb2 29. Qd3) 28... Rc1 $4 (28... Qe4 $19 29. h4 (29. Qd3 $2 Rg2+ 30. Bxg2 Qxd3 $19) 29... e2 (29... Bxb2 $2 {perishes.} 30. Rh2 $18) (29... Rxb2 $2 30. Qc4 $19) 30. Bxe2 Rxe2) 29. Bc5 $2 ({White has to play} 29. Bxe3 $18 Rb1 30. Qc4) 29... Qf3 $2 {[%mdl 8192] [#]} (29... e2 $11 30. Qxe2 Rxc5) 30. Bxe3 $4 Qxe3+ 31. Kg2 Rc2+ {[%emt 0:00:00] Black used his chance.   Weighted Error Value: White=1.88/Black=0.62.  Loses game:     	White=1     	Black=1      Missed win:     	White=2     	Black=1      Mistake:       	White=3     	Black=2      Inaccurate:     	White=2     	---        OK:         	White=3     	Black=8      Best:        	White=2     	Black=3      Strong:       	---       	Black=2} 0-1

[Event "Vojvodina Open 2024-A 2024"]
[Site "Novi Sad"]
[Date "2024.06.25"]
[Round "2.5"]
[White "Harshavardhan G B"]
[Black "Rupesh Reddy Y"]
[Result "1/2-1/2"]
[ECO "D37"]
[WhiteElo "2433"]
[BlackElo "1807"]
[Annotator "TA"]
[PlyCount "106"]
[EventDate "2024.06.03"]
[EventType "swiss"]
[EventCountry "SRB"]
[SourceTitle "playchess.com"]
[Source "ChessBase"]
[SourceQuality "1"]
[TimeControl "40/5400+30:900+30"]

1. d4 d5 2. c4 e6 3. Nc3 Be7 4. Nf3 Nf6 5. Bf4 O-O 6. e3 a6 7. c5 Nc6 8. Ne5 Nxe5 9. Bxe5 Nd7 {[%emt 0:06:17] [#] Threatens to win with ...Nxe5.} 10. Bg3 {[%emt 0:00:10] The position is equal.} c6 11. Bd3 e5 12. O-O Re8 13. b4 Bf6 14. Ne2 Nf8 15. dxe5 Bxe5 16. Bxe5 Rxe5 17. Nd4 Qc7 18. Qd2 h6 19. Rae1 Nh7 20. f4 Re8 21. e4 dxe4 22. Bxe4 Nf6 23. Bb1 Bd7 24. Nf3 Be6 25. Ne5 Rad8 26. Qc2 a5 27. a3 axb4 28. axb4 Rd4 29. Qc3 Rdd8 30. h3 Qc8 31. Qc2 Rd4 32. f5 Bd5 33. Qc3 Rh4 34. g4 Qc7 35. Qg3 $132 {[%emt 0:01:58][%mdl 2048] White puts up resistance} Nd7 36. Qxh4 Nxe5 37. Re3 {[%emt 0:21:40][%cal Be1e3,Be3a3,Ba3a1,Ba1a8][%mdl 32] Prevents Nf3+. f6 would now be deadly.} f6 $1 38. Qg3 b6 39. Be4 bxc5 40. bxc5 Rd8 41. Bxd5+ Rxd5 42. Ra3 Qe7 43. Qc3 Nd3 44. Rf3 Nxc5 45. Ra1 Qd6 46. Re3 Rd2 {[%emt 0:00:00] ( -> ...Qh2+)} 47. Ra8+ Kh7 48. Qxd2 Qxd2 49. Ree8 {[%emt 0:00:08][%csl Ga8][%cal Re8h8] Really sharp!} Qd4+ 50. Kh1 Qd5+ 51. Kg1 $1 Qd1+ 52. Kg2 Qd5+ 53. Kg3 {[%emt 0:04:49][%csl Ga8][%cal Re8h8] [#]} Qe5+ $2 {[%emt 0:32:00][%mdl 40960] Weighted Error Value: White=0.05 (flawless) /Black=0.04 (flawless) .  Loses game:     	---       	Black=1      Inaccurate:     	White=4     	Black=3      OK:         	White=17    	Black=21     Best:        	---       	Black=1      Strong:       	White=1     	Black=1     . An unexpected result.} 1/2-1/2

[Event "Vojvodina Open 2024-A 2024"]
[Site "Novi Sad"]
[Date "2024.06.25"]
[Round "2.6"]
[White "Tippa, Aswath Srisai"]
[Black "Sedlak, Nikola"]
[Result "1/2-1/2"]
[ECO "B56"]
[WhiteElo "1647"]
[BlackElo "2426"]
[Annotator "RC"]
[PlyCount "117"]
[EventDate "2024.06.03"]
[EventType "swiss"]
[EventCountry "SRB"]
[SourceTitle "playchess.com"]
[Source "ChessBase"]
[SourceQuality "1"]
[TimeControl "40/5400+30:900+30"]

1. e4 c5 2. Nf3 d6 3. d4 cxd4 4. Nxd4 Nf6 5. Nc3 Bd7 6. f3 Nc6 7. Be3 h5 8. Qd2 a6 9. O-O-O e6 10. Kb1 Be7 11. Bg5 b5 12. Nxc6 Bxc6 13. h4 Rc8 14. Bd3 Qb6 15. Ne2 e5 16. Ng3 g6 17. Rhf1 Qa7 18. f4 Ng4 19. Bxe7 Qxe7 20. Be2 Nf6 21. Qe3 exf4 22. Rxf4 Nd7 23. Qd4 Qe5 24. Qxd6 Qxd6 25. Rxd6 Ke7 26. Rd1 Rhd8 27. c3 Nc5 28. Rdf1 Be8 29. R4f2 Rd6 30. Bd1 Nd3 31. Rd2 Rcd8 32. Bxh5 b4 33. Be2 bxc3 34. bxc3 Rb8+ 35. Ka1 Ne1 36. Rb2 Rxb2 37. Kxb2 Nxg2 38. h5 Ne3 39. Rf3 Ng4 40. Rf4 Ne5 41. Rh4 Kf8 42. Rh1 Kg7 43. Rd1 Rb6+ 44. Kc1 Bb5 45. Bxb5 axb5 46. Rd5 Nc4 47. hxg6 fxg6 48. e5 Kf7 49. Ne2 Re6 50. Rxb5 Rxe5 51. Rxe5 Nxe5 52. Kc2 Ke6 53. Kb3 Kd6 54. Kb4 Kc6 55. c4 Nd3+ 56. Kc3 Nc5 57. Kd4 g5 58. Ke5 Na4 59. Ke4 1/2-1/2

[Event "Vojvodina Open 2024-A 2024"]
[Site "Novi Sad"]
[Date "2024.06.25"]
[Round "2.8"]
[White "Harsh Suresh"]
[Black "Sahbudak, Baris Cinar"]
[Result "1-0"]
[ECO "B27"]
[WhiteElo "2426"]
[BlackElo "1941"]
[Annotator "RC"]
[PlyCount "83"]
[EventDate "2024.06.03"]
[EventType "swiss"]
[EventCountry "SRB"]
[SourceTitle "playchess.com"]
[Source "ChessBase"]
[SourceQuality "1"]
[TimeControl "40/5400+30:900+30"]

1. e4 c5 2. Nf3 g6 3. Bc4 Bg7 4. c3 e6 5. d4 cxd4 6. Bb3 d5 7. exd5 exd5 8. Nxd4 Nc6 9. Be3 Nge7 10. O-O O-O 11. Na3 Be6 12. Nac2 Qd7 13. Qd2 Ne5 14. Bh6 Nc4 15. Bxc4 dxc4 16. Bxg7 Kxg7 17. Rfe1 Nd5 18. Nxe6+ fxe6 19. Qd4+ Rf6 20. Ne3 Nb6 21. Qxd7+ Nxd7 22. Nxc4 Kf8 23. Rad1 Ke7 24. Rd2 Rc8 25. Nd6 Rb8 26. Nb5 a6 27. Nc7 Nb6 28. Rde2 Kd6 29. Nxe6 Re8 30. Ng5 Rxe2 31. Rxe2 Rf5 32. h4 h6 33. Re6+ Kc7 34. Ne4 Rf4 35. g3 Rf5 36. Nd6 Kd7 37. Rxg6 Rd5 38. Ne4 Rd1+ 39. Kg2 Nd5 40. Rxh6 Ke7 41. Rd6 b5 42. h5 1-0

[Event "Vojvodina Open 2024-A 2024"]
[Site "Novi Sad"]
[Date "2024.06.25"]
[Round "2.9"]
[White "Ljepic, Andrej"]
[Black "Anakok, Deniz"]
[Result "1-0"]
[ECO "D00"]
[WhiteElo "2267"]
[BlackElo "1819"]
[Annotator "RC"]
[PlyCount "101"]
[EventDate "2024.06.03"]
[EventType "swiss"]
[EventCountry "SRB"]
[SourceTitle "playchess.com"]
[Source "ChessBase"]
[SourceQuality "1"]
[TimeControl "40/5400+30:900+30"]

1. d4 Nf6 2. Bg5 d5 3. Bxf6 exf6 4. e3 c6 5. c4 dxc4 6. Bxc4 Bd6 7. Nc3 O-O 8. Nf3 Nd7 9. O-O f5 10. a4 Nf6 11. d5 cxd5 12. Nxd5 Nxd5 13. Bxd5 Qe7 14. Qb3 Be6 15. Rfd1 Kh8 16. Qxb7 Qxb7 17. Bxb7 Rab8 18. Rxd6 Rxb7 19. Nd4 Rxb2 20. Nxe6 fxe6 21. Rxe6 h6 22. g3 g5 23. Rxh6+ Kg7 24. Ra6 f4 25. Rxa7+ Kg6 26. exf4 gxf4 27. g4 Kg5 28. h3 f3 29. Ra5+ Kg6 30. Rb5 Rc2 31. Rd1 Rf6 32. a5 Ra2 33. Rb6 Rxa5 34. Rxf6+ Kxf6 35. Rd3 Kg5 36. Rxf3 Ra2 37. Rf5+ Kg6 38. Kg2 Ra3 39. h4 Kh6 40. Rf6+ Kg7 41. g5 Ra4 42. Kg3 Ra3+ 43. Kg4 Ra4+ 44. f4 Rb4 45. h5 Rc4 46. h6+ Kh7 47. Rf7+ Kg8 48. g6 Rc8 49. h7+ Kh8 50. g7+ Kxh7 51. Rf8 1-0

[Event "Vojvodina Open 2024-A 2024"]
[Site "Novi Sad"]
[Date "2024.06.25"]
[Round "2.10"]
[White "Pasa, Ahmet"]
[Black "Drazic, Sinisa"]
[Result "0-1"]
[ECO "B12"]
[WhiteElo "2056"]
[BlackElo "2263"]
[Annotator "RC"]
[PlyCount "64"]
[EventDate "2024.06.03"]
[EventType "swiss"]
[EventCountry "SRB"]
[SourceTitle "playchess.com"]
[Source "ChessBase"]
[SourceQuality "1"]
[TimeControl "40/5400+30:900+30"]

1. e4 c6 2. d4 d5 3. e5 Bf5 4. Nf3 e6 5. Be2 Nd7 6. O-O h6 7. Ne1 Ne7 8. f4 Qb6 9. a4 a6 10. a5 Qa7 11. c3 c5 12. Be3 Nc6 13. Nf3 cxd4 14. Nxd4 Bc5 15. Kh1 O-O 16. Nxf5 Bxe3 17. Nxe3 Qxe3 18. Rf3 Qc5 19. Rg3 f6 20. exf6 Nxf6 21. Nd2 Rad8 22. b4 Qa7 23. b5 axb5 24. Bxb5 Nxa5 25. Qe2 Qb6 26. Bd3 Ra8 27. Re3 Nc4 28. Re1 Nxe3 29. Qxe3 Qxe3 30. Rxe3 Ra1+ 31. Nf1 Ne4 32. Kg1 Rxf4 0-1

[Event "Vojvodina Open 2024-A 2024"]
[Site "Novi Sad"]
[Date "2024.06.25"]
[Round "2.11"]
[White "Ivanov, Mikhail M"]
[Black "Yalcinkaya, Efe"]
[Result "1-0"]
[ECO "A13"]
[WhiteElo "2248"]
[BlackElo "2070"]
[Annotator "ChessBase"]
[PlyCount "73"]
[EventDate "2024.06.03"]
[EventType "swiss"]
[EventCountry "SRB"]
[SourceTitle "playchess.com"]
[Source "ChessBase"]
[SourceQuality "1"]
[TimeControl "40/5400+30:900+30"]

1. Nf3 Nf6 2. c4 e6 3. g3 a6 4. Nc3 d5 5. cxd5 exd5 6. d4 Be7 7. Bg2 c6 8. O-O O-O 9. Bf4 Re8 10. Qb3 Nbd7 11. Rad1 Nb6 12. Rfe1 Bf5 13. Ne5 Ra7 14. h3 a5 15. a4 h6 16. g4 Be6 17. Bg3 Bb4 18. Nd3 Qe7 19. Qc2 Ne4 20. Bh2 Bxc3 21. bxc3 Nc4 22. Ra1 h5 23. f3 hxg4 24. hxg4 Ned6 25. Qc1 Bd7 26. Qf4 g5 27. Qc1 Raa8 28. e4 dxe4 29. fxe4 Bxg4 30. Nf2 f5 31. Bf1 b5 32. exf5 Qxe1 33. Qxg5+ Kf8 34. Qh6+ Kf7 35. Qg6+ Kf8 36. Rxe1 Rxe1 37. Bxd6+ 1-0

[Event "Vojvodina Open 2024-A 2024"]
[Site "Novi Sad"]
[Date "2024.06.25"]
[Round "2.12"]
[White "Arvind Ramnath Iyer"]
[Black "Pantelic, Sasa"]
[Result "1/2-1/2"]
[ECO "B70"]
[WhiteElo "1872"]
[BlackElo "2237"]
[Annotator "RC"]
[PlyCount "29"]
[EventDate "2024.06.03"]
[EventType "swiss"]
[EventCountry "SRB"]
[SourceTitle "playchess.com"]
[Source "ChessBase"]
[SourceQuality "1"]
[TimeControl "40/5400+30:900+30"]

1. e4 c5 2. Nf3 d6 3. d4 cxd4 4. Nxd4 Nf6 5. Nc3 g6 6. Be2 Bg7 7. O-O O-O 8. Bg5 Nc6 9. Nb3 a5 10. a4 Be6 11. Kh1 Rc8 12. f4 Nb4 13. f5 Bc4 14. Bxc4 Rxc4 15. Qe2 1/2-1/2

[Event "Vojvodina Open 2024-A 2024"]
[Site "Novi Sad"]
[Date "2024.06.25"]
[Round "2.13"]
[White "Pranav Pradeep Nair"]
[Black "Kushagra Mohan"]
[Result "0-1"]
[ECO "C45"]
[WhiteElo "1818"]
[BlackElo "2367"]
[Annotator "RC"]
[PlyCount "76"]
[EventDate "2024.06.03"]
[EventType "swiss"]
[EventCountry "SRB"]
[SourceTitle "playchess.com"]
[Source "ChessBase"]
[SourceQuality "1"]
[TimeControl "40/5400+30:900+30"]

1. e4 e5 2. Nf3 Nc6 3. d4 exd4 4. Nxd4 Nf6 5. Nxc6 bxc6 6. e5 Qe7 7. Qe2 Nd5 8. c4 Ba6 9. b3 g6 10. g3 Bg7 11. Bb2 O-O 12. Bg2 Rae8 13. O-O Bxe5 14. Bxe5 Qxe5 15. Qxe5 Rxe5 16. cxd5 Bxf1 17. Kxf1 cxd5 18. Nc3 c6 19. Rd1 Rfe8 20. Bf3 h5 21. h4 Kg7 22. Ne2 f6 23. Rd4 Kh6 24. Rf4 R5e6 25. Ra4 g5 26. hxg5+ fxg5 27. g4 Rf6 28. Nd4 a5 29. gxh5 c5 30. Bxd5 cxd4 31. Rxd4 Rd6 32. Bf7 Rxd4 33. Bxe8 Rd2 34. a4 Rd3 35. Bf7 d5 36. Ke2 Rxb3 37. Bxd5 Ra3 38. Bc6 Kxh5 0-1

[Event "Vojvodina Open 2024-A 2024"]
[Site "Novi Sad"]
[Date "2024.06.25"]
[Round "2.14"]
[White "Ashvath Mittal"]
[Black "Ilincic, Aleksa"]
[Result "1-0"]
[ECO "B12"]
[WhiteElo "1986"]
[BlackElo "2232"]
[Annotator "RC"]
[PlyCount "85"]
[EventDate "2024.06.03"]
[EventType "swiss"]
[EventCountry "SRB"]
[SourceTitle "playchess.com"]
[Source "ChessBase"]
[SourceQuality "1"]
[TimeControl "40/5400+30:900+30"]

1. e4 c6 2. d4 d5 3. e5 c5 4. c3 Nc6 5. Be2 cxd4 6. cxd4 Bf5 7. Nc3 e6 8. Be3 Nge7 9. g4 Bg6 10. h4 h5 11. Nb5 Nc8 12. gxh5 Be4 13. Rh3 a6 14. Nc3 Bf5 15. Bg4 Bh7 16. a3 Nb6 17. Nf3 Nc4 18. Bc1 Qb6 19. Ra2 O-O-O 20. b3 N4a5 21. b4 Nc4 22. Ng5 Bg8 23. Be3 a5 24. b5 Na7 25. Qb3 Kb8 26. Rf3 f6 27. exf6 gxf6 28. Rxf6 Bg7 29. Rg6 Bxd4 30. Bxe6 Bxe3 31. Nxd5 Bd2+ 32. Rxd2 Nxd2 33. Qg3+ Qd6 34. Rxg8 Qxg3 35. Rxd8+ Rxd8 36. fxg3 Nc4 37. Nf4 Ne5 38. Ng6 Nd3+ 39. Kf1 Nxb5 40. h6 Nxa3 41. h7 Nc2 42. Bg8 Re8 43. Ne6 1-0

[Event "Vojvodina Open 2024-A 2024"]
[Site "Novi Sad"]
[Date "2024.06.25"]
[Round "2.15"]
[White "Leskur, Dejan"]
[Black "Vihaan Dumir"]
[Result "1/2-1/2"]
[ECO "C10"]
[WhiteElo "2227"]
[BlackElo "2032"]
[Annotator "RC"]
[PlyCount "96"]
[EventDate "2024.06.03"]
[EventType "swiss"]
[EventCountry "SRB"]
[SourceTitle "playchess.com"]
[Source "ChessBase"]
[SourceQuality "1"]
[TimeControl "40/5400+30:900+30"]

1. e4 e6 2. d4 d5 3. Nc3 dxe4 4. Nxe4 Bd7 5. Nf3 Bc6 6. Bd3 Nd7 7. O-O Ngf6 8. Ned2 Be7 9. Re1 O-O 10. Ne5 Nxe5 11. dxe5 Nd5 12. a3 Nf4 13. Bf1 Qd5 14. Qg4 Ng6 15. c4 Qd7 16. b4 b6 17. Nb3 Bb7 18. Bb2 Rad8 19. b5 a6 20. a4 axb5 21. axb5 c6 22. Nd4 c5 23. Nb3 Ra8 24. Bc3 Rxa1 25. Rxa1 Ra8 26. Rxa8+ Bxa8 27. Qe2 Bg5 28. Qd3 Qxd3 29. Bxd3 Nf4 30. Bd2 Nxd3 31. Bxg5 Nxe5 32. Nd2 f6 33. Bf4 Kf7 34. Bxe5 fxe5 35. f3 Kf6 36. Kf2 Kf5 37. Ke3 h5 38. h3 h4 39. Ne4 Bxe4 40. fxe4+ Kg5 41. Kf3 Kh5 42. Kf2 g5 43. Kf3 g4+ 44. Kf2 Kg5 45. Ke3 Kh5 46. Ke2 Kg5 47. Ke3 g3 48. Kf3 Kh5 1/2-1/2

[Event "Vojvodina Open 2024-A 2024"]
[Site "Novi Sad"]
[Date "2024.06.25"]
[Round "2.16"]
[White "Rindhiya V"]
[Black "Pranav K P"]
[Result "0-1"]
[ECO "C99"]
[WhiteElo "1965"]
[BlackElo "2223"]
[Annotator "RC"]
[PlyCount "74"]
[EventDate "2024.06.03"]
[EventType "swiss"]
[EventCountry "SRB"]
[SourceTitle "playchess.com"]
[Source "ChessBase"]
[SourceQuality "1"]
[TimeControl "40/5400+30:900+30"]

1. e4 e5 2. Nf3 Nc6 3. Bb5 a6 4. Ba4 Nf6 5. O-O b5 6. Bb3 Be7 7. Re1 d6 8. c3 O-O 9. h3 Na5 10. Bc2 c5 11. d4 Qc7 12. Nbd2 cxd4 13. cxd4 Nc6 14. Nb3 a5 15. Be3 a4 16. Nbd2 Bd7 17. Rc1 Qb7 18. dxe5 dxe5 19. Bb1 Rfd8 20. Qe2 Rab8 21. Bc5 Be8 22. Nf1 g6 23. Ne3 Nd4 24. Nxd4 exd4 25. Ng4 Nxg4 26. Qxg4 Bd7 27. Qe2 Be6 28. Bxe7 Qxe7 29. Red1 Bc4 30. Bd3 Bxa2 31. Bxb5 Qb4 32. Bc6 Bb3 33. Rd2 Rbc8 34. e5 Bd5 35. Rdc2 d3 36. Qxd3 Bxc6 37. Qa6 Qb7 0-1